 Dungeon Crawl Stone Soup version 0.32-a0-711-g016ad743e0 (webtiles) character file.

Game seed: 6353681106347173315

42 ragingrage the Charlatan (level 3, -3/24 HPs)
             Began as a Coglin Wanderer on Mar 15, 2024.
             Incinerated by a bombardier beetle (5 damage)
             ... with a burning spray
             ... on level 2 of the Dungeon.
             The game lasted 00:00:56 (1148 turns).

ragingrage the Charlatan (Coglin Wanderer)          Turns: 1148, Time: 00:00:56

Health: -3/24      AC:  6    Str: 19    XL:     3   Next: 54%
Magic:  4/4        EV:  8    Int:  9    God:
Gold:   59         SH:  0    Dex: 10    Spells: 3/4 levels left

rFire   . . .        a - +0 hand axe {Ximena}
rCold   . . .        h - +0 hand axe {Tamara}
rNeg    . . .        f - +0 scale mail
rPois   .            (no helmet)
rElec   .            (no cloak)
rCorr   .            (no gloves)
SInv    .            (no boots)
Will    .....        (amulet unavailable) Stlth
                     (ring unavailable)
HPRegen 0.24/turn    (ring unavailable)
MPRegen 0.09/turn    (no gizmo)

%: no passive effects
@: on fire, glowing, revved
A: off-hand wielding, slow wielding, warmup strikes, no jewellery
a: Invent Gizmo


You were on level 2 of the Dungeon.
You visited 1 branch of the dungeon, and saw 2 of its levels.

You collected 59 gold pieces.

Inventory:

Hand Weapons
 a - a +0 hand axe (weapon) {Ximena}
 h - a +0 hand axe (offhand) {Tamara}
Armour
 f - a +0 scale mail (worn)
Wands
 b - a wand of polymorph (5)
Scrolls
 d - 4 scrolls of identify {unknown}
 g - a scroll of amnesia {unknown}
 i - a scroll of noise {unknown}
Potions
 c - a potion of might
 e - a potion of heal wounds {unknown}


   Skills:
 + Level 3.3 Axes
 - Level 1.0 Armour
 - Level 1.0 Dodging
 - Level 1.0 Spellcasting
 - Level 3.0 Translocations
 - Level 4.0 Evocations


You had 3 spell levels left.
You knew the following spells:

 Your Spells              Type           Power      Damage    Failure   Level
a - Apportation           Tloc           10%        N/A       32%         1

Your spell library contained the following spells:

 Spells                   Type           Power      Damage    Failure   Level
 Momentum Strike          Conj/Tloc      6%         3d8       67%         2
 Passage of Golubria      Tloc           5%         N/A       97%         4


Dungeon Overview and Level Annotations

Branches:
Dungeon (2/15)

Altars:


Innate Abilities, Weirdness & Mutations

You can wield a second weapon in your off-hand.
It takes a long time for you to wield or remove held weapons.
Your first few attacks do less damage.
You cannot equip rings or amulets.


Message History

An endoplasm is nearby!
The endoplasm barely misses you.
An endoplasm is nearby!
You hit the endoplasm with your +0 hand axe.
You hit the endoplasm but do no damage.
The endoplasm hits you but does no damage.
You hit the endoplasm with your +0 hand axe. x2
You kill the endoplasm!
No target in view!
No target in view!
You open the door.
A bombardier beetle is nearby!
The bombardier beetle sprays incendiary fluid at you.
The burning spray hits you.
You are covered in liquid fire!
There is an open door here.
You are on fire!
You shake off some of the fire as you move.
The liquid fire burns you!
You are on fire!
You hit the bombardier beetle but do no damage. x2
The liquid fire burns you!
The bombardier beetle closely misses you.
You are on fire!
You hit the bombardier beetle but do no damage. x2
The liquid fire burns you!
You hit the bombardier beetle with your +0 hand axe. x2
The liquid fire burns you!
* * * LOW HITPOINT WARNING * * *
The bombardier beetle bites you.
* * * LOW HITPOINT WARNING * * *
You hit the bombardier beetle with your +0 hand axe. x2
The liquid fire burns you!
* * * LOW HITPOINT WARNING * * *
The bombardier beetle sprays incendiary fluid at you.
The burning spray hits you.
You are even more covered in liquid fire!
You shake off some of the fire as you move.
The liquid fire burns you!
You die...

########## #........# ######
#........# #....#
#........#########....##
#.......................
#...........%..###....##
#..............# #....##
#..............# #....##
#######@#......# #....#.
#.#......# #....#.
###########B#......# #....#.
.......<..).#......# #....#.
###########......#####..>...
+......+..........
#......########...
#......#..........
#......#..........


You could see a bombardier beetle.

Vanquished Creatures
  An adder (D:2)
  2 ball pythons
  10 endoplasms
  A giant cockroach (D:1)
  2 goblins
  2 hobgoblins (D:1)
  2 kobolds
  2 quokkas
  3 bats (D:1)
  3 rats
28 creatures vanquished.

Notes
Turn   | Place    | Note
-------+----------+-------------------------------------------
     0 | D:1      | ragingrage the Coglin Wanderer began the quest for the Orb.
     0 | D:1      | ragingrage set off with the following items: a +0 hand axe
                  | {Ximena}, a wand of polymorph (5), a potion of might, a +0
                  | leather armour, a +0 dagger {Eunwoo}; and the following
                  | spell memorised: Apportation; and the following spells
                  | available to memorise: Momentum Strike, Passage of
                  | Golubria.
     0 | D:1      | Reached XP level 1. HP: 13/13 MP: 2/2
   184 | D:1      | Reached XP level 2. HP: 11/19 MP: 3/3
   655 | D:2      | Noticed a bombardier beetle
   657 | D:2      | Reached XP level 3. HP: 24/24 MP: 4/4
  1148 | D:2      | Incinerated by a bombardier beetle

Illustrated notes

Levels and vault maps discovered:
D:1:      lightli_arrival_chessboard, layout_basic
D:2:      layout_basic, serial_corexii_hall, chequers_hall_statues_wall_a,
          corexii_hall_statues_s, uniq_robin, uniq_sigmund

Skill      XL: |  1  2  3 |
---------------+----------+-----
Axes           | 2 3 |  3.3
Armour         | |  1.0
Dodging        | |  1.0
Spellcasting   | |  1.0
Translocations | |  3.0
Evocations     | |  4.0

Action                     || total
---------------------------++-------
  Melee: Dagger            ||    29
         Hand axe          ||    76
 Armour: Leather armour    ||    10
         Scale mail        ||    24
  Dodge: Dodged            ||    18

Table legend: (Time is in decaauts)
 A = Elapsed time spent in this place.
 B = Non-inter-level travel time spent in this place.
 C = Inter-level travel time spent in this place.
 D = Time resting spent in this place.
 E = Time spent auto-exploring this place.
 F = Levels seen in this place.
 G = Mean time per level.
                   A        B        C        D        E       F      G
               +--------+--------+--------+--------+--------+-----+--------+
         Total |   1154 |   1064 |     90 |      3 |    873 |   2 |  577.0 |
       Dungeon |   1154 |   1064 |     90 |      3 |    873 |   2 |  577.0 |
               +--------+--------+--------+--------+--------+-----+--------+

Top non-repeatable levels by time:
     D:1: 693 daAuts
     D:2: 461 daAuts
